 Dungeon Crawl Stone Soup version 0.28.0-43-g3370ac3207 (webtiles) character file.

Game seed: 16996694351447671604

2214 KamiKatze the Magician (level 9, -1/66 HPs)
             Began as a Djinni Conjurer on Mar 2, 2022.
             Was a Follower of Makhleb.
             Slain by a two-headed ogre
             ... wielding a +0 giant club
              (22 damage)
             ... on level 7 of the Dungeon.
             The game lasted 00:22:27 (4793 turns).

KamiKatze the Magician (Djinni Conjurer)            Turns: 4793, Time: 00:22:28

Health: -1/66      AC:  4    Str:  6    XL:     9   Next: 61%
Gold:   323        EV: 12    Int: 24    God:    Makhleb [*.....] SH:  0 Dex: 12

rFire   + + +      SeeInvis +   s - +0 dagger
rCold   . . .      Faith    .   (no shield)
rNeg    . . .      Spirit   .   c - +0 robe
rPois   ∞          Reflect  .   d - +1 helmet {SInv}
rElec   .          Harm     .   y - scarf {rC+ rF+}
rCorr   .          Rampage  .   (no gloves)
Will    .....                   (boots unavailable)
Stlth   ++........              f - amulet of regeneration
HPRegen 1.01/turn               (no ring)
MPRegen 0.00/turn               (no ring)

@: flying
A: sickness immunity, fire resistance 2, cold vulnerability 1, float, innate
caster, HP casting, extra vitality 1
a: Renounce Religion


You were on level 7 of the Dungeon.
You worshipped Makhleb.
Makhleb was aware of your devotion.
You visited 2 branches of the dungeon, and saw 8 of its levels.

You collected 323 gold pieces.

Inventory:

Hand Weapons
 a - a +0 short sword
 l - a +1 vampiric war axe
 s - a +0 dagger (weapon)
Missiles
 e - 136 stones (quivered)
Armour
 c - a +0 robe (worn)
 d - a +1 helmet of see invisible (worn)
 y - a scarf of resistance (worn)
Jewellery
 f - an amulet of regeneration (around neck)
Wands
 t - a wand of mindburst (17)
Scrolls
 h - a scroll of summoning {unknown}
 j - 5 scrolls of identify {unknown}
 k - 2 scrolls of fear {unknown}
 m - a scroll of vulnerability {unknown}
 q - a scroll of acquirement {unknown}
 r - a scroll of torment {unknown}
 u - a scroll of amnesia {unknown}
 w - a scroll of blinking {unknown}
 x - a scroll of noise {unknown}
Potions
 b - a potion of berserk rage {unknown}
 g - a potion of curing {unknown}
 i - a potion of might {unknown}
 n - a potion of lignification {unknown}
 o - a potion of degeneration {unknown}
 p - a potion of haste {unknown}
 v - a potion of ambrosia {unknown}


   Skills:
 + Level 6.0 Fighting
 - Level 3.0 Dodging
 - Level 2.0 Stealth
 * Level 7.6 Spellcasting
 + Level 4.6 Invocations


You couldn't memorise any spells.
You knew the following spells:

 Your Spells              Type           Power      Damage    Failure   Level
a - Magic Dart            Conj           100%       1d8       1%          1
b - Searing Ray           Conj           92%        2d7       1%          2
c - Fulminant Prism       Conj/Hex       23%        3d13      2%          4
d - Iskenderun's Mystic   Conj/Tloc      46%        2d10      2%          4
e - Sandblast             Erth           92%        2d19      1%          1
f - Ensorcelled Hibernat  Hex/Ice        92%        N/A       1%          2
g - Poisonous Vapours     Pois/Air       92%        N/A       1%          2
h - Airstrike             Air            23%        N/A       2%          4
Z - Dazzling Flash        Conj/Hex       92%        N/A       1%          3
Your spell library was empty.

Dungeon Overview and Level Annotations

Branches:
Dungeon (7/15)             Temple (1/1) D:5

Altars:
Ashenzari
Cheibriados
Dithmenos
Elyvilon
Fedhas
Gozag
Kikubaaqudgha
Makhleb
Qazlal
Sif Muna
Trog
Uskayaw
Wu Jian
Yredelemnul
Zin
The Shining One

Annotations:
D:2 dig for loot?


Innate Abilities, Weirdness & Mutations

You are immune to sickness and miasma.
You are immune to poison.
Your flesh is very heat resistant. (rF++)
You are vulnerable to cold. (rC-)
You float through the air rather than walking.
You learn spells naturally, not from books.
Your magical power is your life essence.
You have superior vitality. (+4 MHP)


Message History

There is a stone staircase leading up here.
You fly upwards.
There is a stone staircase leading down here.
You start resting.
HP restored.
You start waiting.
The sentinel's mark upon you fades away.
You fly downwards.
The phantom barely misses you.
The hound pauses to sniff the ground.
The ice beast hits you but does no damage.
The two-headed ogre hits you with a +0 giant club!!
The two-headed ogre barely misses you. The ice beast hits you.
The ice beast freezes you!
* * * LOW HITPOINT WARNING * * *
The phantom closely misses you.
The ice beast hits you but does no damage.
There is a stone staircase leading up here.
Unknown command.
Casting: Fulminant Prism (dangerous; 2% risk of failure)
Confirm with . or Enter, or press ? or * to list all spells.
Aiming: Fulminant Prism (dangerous; 2% risk of failure)
Press: ? - help, Dir - move target, f - hound
Aim: a hound
Okay, then.
Casting: Fulminant Prism (dangerous; 2% risk of failure)
Confirm with . or Enter, or press ? or * to list all spells.
You erupt in a blast of force!
The mystic blast hits the ice beast!
The ice beast is severely wounded.
The ice beast is knocked back by the mystic blast.
The mystic blast hits the two-headed ogre!
The two-headed ogre is moderately wounded.
The mystic blast hits the phantom!
The phantom is severely damaged.
The phantom is knocked back by the mystic blast.
The mystic blast hits the ice beast!
The ice beast is moderately wounded.
The ice beast is knocked back by the mystic blast.
* * * LOW HITPOINT WARNING * * *
The two-headed ogre hits you with a +0 giant club!!
You die...

..##.....###.......#
h..#.........#....#
o.................#
Y....?............# ##
.y<...).....Y.....## ..#
......)...)...o....##...#
..................W....##
..............h.O.......#
...........Z.Y.†@..##.
...............###..#
..........##+### .....
.......... .....# .......
.##.... .. .. .... .. ...
.. ..


You could see a two-headed ogre, a phantom, 2 ice beasts, a hound, an orc and a
bullfrog skeleton.

Vanquished Creatures
  A hornet (D:7)
  3 water moccasins
  2 ice beasts (D:6)
  An orc warrior (D:6)
  A necrophage (D:5)
  A black bear (D:6)
  2 ogres (D:6)
  2 centaurs (D:6)
  A phantom (D:6)
  Blork the orc (D:4)
  2 bullfrogs (D:4)
  2 scorpions
  A water moccasin zombie (D:7)
  3 howler monkeys
  3 orc priests
  2 hounds
  3 iguanas
  An orc wizard (D:6)
  2 adders (D:6)
  A white imp (D:6)
  An ufetubus (D:3)
  An adder zombie (D:5)
  An adder skeleton (D:4)
  2 worms
  13 orcs
  6 ball pythons
  6 endoplasms
  2 giant cockroaches
  3 goblins
  9 hobgoblins
  3 jackals (D:1)
  2 quokkas
  8 bats
  3 frilled lizards
  6 kobolds
  7 rats
108 creatures vanquished.

Vanquished Creatures (others)
  8 fulminant prisms
  4 toadstools (D:1)
12 creatures vanquished.

Grand Total: 120 creatures vanquished

Notes
Turn   | Place    | Note
-------+----------+-------------------------------------------
     0 | D:1      | KamiKatze the Djinni Conjurer began the quest for the Orb.
     0 | D:1      | Reached XP level 1. HP: 15/15 MP: 0/0
   207 | D:1      | Reached XP level 2. HP: 18/22 MP: 0/0
   318 | D:1      | Found a faded altar of an unknown god.
   465 | D:1      | Reached XP level 3. HP: 25/26 MP: 0/0
   465 | D:1      | Learned a level 1 spell: Sandblast
   667 | D:2      | Reached skill level 1 in Fighting
  1007 | D:2      | You are sucked into a shaft and drop 2 floors!
  1013 | D:4      | Noticed a bullfrog
  1155 | D:3      | Reached XP level 4. HP: 28/32 MP: 0/0
  1364 | D:3      | Reached skill level 4 in Spellcasting
  1545 | D:3      | Found an ornate altar of the Wu Jian Council.
  1647 | D:3      | Reached XP level 5. HP: 37/38 MP: 0/0
  1647 | D:3      | Learned a level 2 spell: Ensorcelled Hibernation
  2089 | D:4      | Killed a bullfrog
  2111 | D:4      | Found a glowing silver altar of Zin.
  2130 | D:4      | Noticed a bullfrog
  2134 | D:4      | Killed a bullfrog
  2135 | D:4      | Reached XP level 6. HP: 43/45 MP: 0/0
  2420 | D:4      | Noticed Blork the orc
  2429 | D:4      | Killed Blork the orc
  2430 | D:4      | Reached skill level 5 in Spellcasting
  2430 | D:4      | Reached XP level 7. HP: 50/50 MP: 0/0
  2430 | D:4      | Learned a level 2 spell: Poisonous Vapours
  2465 | D:5      | Entered Level 5 of the Dungeon
  2473 | D:5      | Found a staircase to the Ecumenical Temple.
  2473 | D:5      | Noticed a water moccasin
  2482 | D:5      | Killed a water moccasin
  2488 | Temple   | Entered the Ecumenical Temple
  2548 | Temple   | Became a worshipper of Makhleb the Destroyer
  2678 | D:5      | Noticed a water moccasin
  2952 | D:5      | Killed a water moccasin
  2953 | D:5      | Reached skill level 1 in Invocations
  3043 | D:5      | Reached XP level 8. HP: 56/58 MP: 0/0
  3498 | D:5      | Reached skill level 6 in Spellcasting
  3711 | D:6      | Found a stormy altar of Qazlal.
  3714 | D:6      | Noticed a fire elemental
  3714 | D:6      | Noticed an air elemental
  3714 | D:6      | Noticed a water elemental
  3826 | D:6      | Reached skill level 5 in Fighting
  3956 | D:6      | Reached XP level 9. HP: 45/65 MP: 0/0
  3956 | D:6      | Learned a level 4 spell: Airstrike
  4181 | D:6      | Reached skill level 7 in Spellcasting
  4619 | D:6      | Reached * piety under Makhleb
  4630 | D:6      | Found a bloodstained altar of Trog.
  4668 | D:7      | Noticed a hornet
  4751 | D:7      | Killed a hornet
  4792 | D:7      | Noticed a two-headed ogre
  4793 | D:7      | Slain by a two-headed ogre

Illustrated notes

Levels and vault maps discovered:
D:1:      ldierk_water_garden, layout_loops_ring,
          hellmonk_ecumenical_altar_dog_temple
D:2:      layout_rooms, lightli_corner_chamber
D:3:      layout_basic, lemuel_tele_altar
D:4:      layout_cave_pools, mainiacjoe_overflow_cross_hatched, tgw_sif
D:5:      layout_loops_corners, minmay_temple_entry_gardened_gates
D:6:      layout_basic, mainiacjoe_overflow_brackets,
          lemuel_coloured_pillars_altar, nicolae_qazlal_style_of_elements
D:7:      layout_cave_pools, marbit_many_paths, nicolae_overflow_hidden_temple,
          minmay_liquid_box
Temple:   zaba_magenta_temple

Skill      XL: |  1  2  3  4  5  6  7  8  9 |
---------------+----------------------------+-----
Fighting       | 1 2 3 4 5 6 |  6.0
Stealth        | 2 |  2.0
Dodging        | 3 |  3.0
Spellcasting   | 4 5 6 7 |  7.6
Invocations    | 1 3 4 |  4.6

Action                   |  1- 3 |  4- 6 |  7- 9 || total
-------------------------+-------+-------+-------++-------
Melee: Whip              |    10 |       |       ||    10
       Short sword       |     3 |     2 |    10 ||    15
       War axe           |       |    14 |       ||    14
       Dagger            |       |       |     6 ||     6
 Cast: Magic Dart        |    68 |    32 |    28 ||   128
       Searing Ray       |     2 |    12 |    15 ||    29
       Sandblast         |     1 |       |    18 ||    19
       Ensorcelled Hiber |       |     4 |    10 ||    14
       Iskenderun's Myst |       |       |    11 ||    11
       Airstrike         |       |       |    12 ||    12
       Fulminant Prism   |       |       |     8 ||     8
 Stab: Sleeping          |       |     2 |     5 ||     7
Armor: Robe              |     8 |     6 |    15 ||    29
Dodge: Dodged            |    11 |    15 |    50 ||    76
